Unix NetHack Version 5.0.0-0 post-release - last build May  4 2026 22:22:43 (774f63e81ad911689b3a0859ea89b322d5daca8d,branch:main).

Game began 2026-05-07 06:18:14, ended 2026-05-07 07:03:11.

7spoons, neutral female gnomish Ranger

                                                             -------
                                             --------        |.....|
   ------------                             #.......|        |.....|
   |..........|     -----------             #|......|       #%.....|
   |..........-###  |.........|             e|...<..|       #|.....|
   ----.---.---  ###|.........|     ######k@#|......|       #----.--
       #  ##       #...........######        ------.-       #    #
     ######         |.........|                #  ##     ####    #
     # #         ###..........|                 ###     ##       ##
     # #        ##  |.>.......|              ---|-------#         #
     # #        #   ---|-------              |.........-#         #
    -|-|-       #      #                     |.........|          ##
    |...-########                            |.....^...|        ---|---
    |...|                                    |.........|        |....[|
    |._.|                                    -----------        |)[[[[|
    |>.(|                                                       |[[[[[|
    -----                                                       |[[)[[|
                                                                |[)[)[|
                                                                -------

7spoons the Lookout          St:15 Dx:9 Co:15 In:14 Wi:13 Ch:9  Neutral
Dlvl:3  $:102 HP:0(35) Pw:19(19) AC:2  Xp:5 T:2964 

Latest messages:
 2 unlabeled scrolls land on the altar.
 There is an amber flash as an unlabeled scroll hits the altar.
 A copper wand lands on the altar.
 A stethoscope lands on the altar.
 I - an uncursed elven mithril-coat.
 K - an uncursed lembas wafer.
 J - 2 uncursed tripe rations.
 M - a blessed unlabeled scroll.
 L - 2 uncursed unlabeled scrolls.
 G - an uncursed copper wand.
 H - an uncursed stethoscope.
 You see here a broken large box containing 15 items.
 You put a cursed runed dagger into the large box.
 You put a blessed unlabeled scroll into the large box.
 You put 2 uncursed unlabeled scrolls into the large box.
 You feel that monsters no longer have difficulty pinpointing your location.
 You were wearing an uncursed +2 cloak of displacement.
 You finish taking off your suit.
 What do you want to wear? [esI or ?*] ?
 You finish your dressing maneuver.
 What do you want to wear? [e or ?*] ?
 You feel that monsters have difficulty pinpointing your location.
 You are now wearing a cloak of displacement.
 You put an uncursed +0 studded leather armor into the large box.
 You hear the chime of a cash register.
 Where do you want to travel to?
 (For instructions type a '?')
 In what direction? 8
 You kill the newt!
 You see here a newt corpse.
 There is a newt corpse here; eat it? [ynq] (n) y
 Blecch!  Rotten food!
 Pick a monster, object or location.
 You begin bashing monsters with your crossbow.
 You hit the floating eye.
 You are frozen by the floating eye's gaze!
 The kobold lady hits!
 The kobold lady hits!
 The kobold lady hits!
 The kobold lady hits!
 The kobold lady just misses!
 The kobold lady hits!
 The kobold lady hits!
 The kobold lady hits!
 You die...
 Do you want your possessions identified? [ynq] (y) y
 Do you want to see your attributes? [ynq] (y) y
 Do you want an account of creatures vanquished? [ynaq] (y) n
 Do you want to see your conduct and achievements? [ynq] (y) n
 Do you want to see the dungeon overview? [ynq] (y) y

Inventory:
 Coins    ('$')
  $ - 102 gold pieces
 Weapons  (')')
  c - 47 +2 crossbow bolts (in quiver pouch)
  d - 38 +0 crossbow bolts
  b - a +1 crossbow (weapon in right hand)
  a - a +1 dagger (alternate weapon; not wielded)
 Armor    ('[')
  e - an uncursed +2 cloak of displacement (being worn)
  I - an uncursed +0 elven mithril-coat (being worn)
 Comestibles  ('%')
  f - 4 uncursed cram rations
  j - 3 uncursed food rations
  K - an uncursed lembas wafer
  J - 2 uncursed tripe rations
 Wands    ('/')
  m - a wand of speed monster (0:4)
  G - a wand of undead turning (0:6)
 Tools    ('(')
  H - an uncursed stethoscope

7spoons the Ranger's attributes:

Background:
 You were a Lookout, a level 5 female gnomish Ranger.
 You were neutral, on a mission for Venus
 who was opposed by Mercury (lawful) and Mars (chaotic).
 You were right-handed.
 You were in the Dungeons of Doom, on level 3.
 You entered the dungeon 2964 turns ago.
 You had 231 experience points, 89 more were needed to attain level 6.

Basics:
 You had 0 out of 35 hit points.
 You had all 19 energy points (spell power).
 Your armor class was 2.
 Your wallet contained 102 zorkmids.
 Autopickup was off.

Final Characteristics:
 Your strength was 15 (limit:18/50).
 Your dexterity was 9 (limit:18).
 Your constitution was 15 (limit:18).
 Your intelligence was 14 (limit:19).
 Your wisdom was 13 (limit:18).
 Your charisma was 9 (limit:18).

Final Status:
 You weren't hungry.
 You were unencumbered.
 You were wielding a crossbow.
 You had basic skill with crossbow.

Final Attributes:
 You were piously aligned.
 You were telepathic.
 You had automatic searching.
 You had infravision.
 You were displaced.
 You were guarded.
 You are dead.

Miscellaneous:
 You didn't encounter any bones levels.
 Total elapsed playing time was 44 minutes and 56 seconds.

Major events:
 Turn
    1: 7spoons the neutral female gnomish Ranger entered the dungeon
  988: entered the Gnomish Mines
 1499: attained the rank of Lookout (level 3)
 2964: killed by a kobold lady, while frozen by a floating eye's gaze

You didn't know any spells.

Skills:
 Fighting Skills
   bare handed combat [Unskilled]
   riding             [Unskilled]
 Weapon Skills
   dagger             [Basic]
   knife              [Unskilled]
   axe                [Unskilled]
   pick-axe           [Unskilled]
   short sword        [Unskilled]
   morning star       [Unskilled]
   flail              [Unskilled]
   hammer             [Unskilled]
   quarterstaff       [Unskilled]
   polearms           [Unskilled]
   spear              [Unskilled]
   trident            [Unskilled]
   bow                [Unskilled]
   sling              [Unskilled]
   crossbow           [Basic]
   dart               [Unskilled]
   shuriken           [Unskilled]
   boomerang          [Unskilled]
   whip               [Unskilled]
 Spellcasting Skills
   healing spells     [Unskilled]
   divination spells  [Unskilled]
   escape spells      [Unskilled]

Voluntary challenges:
 Character rerolling was not enabled.
 You never genocided any monsters.
 You never polymorphed an object.
 You never changed form.
 You used no wishes.
Achievements:
 You entered a shop.
 You entered the Gnomish Mines.
 You attained the rank of Lookout.

 The Dungeons of Doom: levels 1 to 6
    Level 1:
       A fountain, a grave.
    Level 2:
       A general store.
    Level 3: <- You were here.
       An armor shop, an altar to Venus.
       Stairs down to The Gnomish Mines.
       Final resting place for
          you, killed by a kobold lady, while frozen by a floating eye's gaze.
    Level 4:
       An armor shop, a fountain, a grave.
    Level 5:
    Level 6:
 The Gnomish Mines:
    Level 4:


Vanquished creatures:
  a large mimic
  a rock piercer
  2 gray oozes
  a paper golem
  a little dog
  2 floating eyes
  a homunculus
  2 hill orcs
  3 iguanas
  a gas spore
  a hobbit
  a giant rat
  a yellow mold
  a green mold
  4 geckos
  4 jackals
  a fox
  a kobold
  6 grid bugs
  2 lichens
  3 kobold zombies
  8 newts
48 creatures vanquished.

No species were genocided or became extinct.

Game over:
                       ----------
                      /          \
                     /    REST    \
                    /      IN      \
                   /     PEACE      \
                  /                  \
                  |     7spoons      |
                  |      102 Au      |
                  |   killed by a    |
                  |   kobold lady    |
                  |                  |
                  |                  |
                  |       2026       |
                 *|     *  *  *      | *
        _________)/\\_//(\/(/\)/\//\/|_)_______

Goodbye 7spoons the Ranger...

You died in The Dungeons of Doom on dungeon level 3 with 1266 points,
and 102 pieces of gold, after 2964 moves.
You were level 5 with a maximum of 35 hit points when you died.

